 Dungeon Crawl Stone Soup version 0.12.2-9-gf1dcfd2 (webtiles) character file.

147 Kigal the Gusty (level 4, -2/27 HPs)
             Began as a High Elf Air Elementalist on July 4, 2013.
             Was a Follower of Zin.
             Slain by Grinder (5 damage)
             ... on Level 3 of the Dungeon.
             The game lasted 00:18:56 (2841 turns).

Kigal the Gusty (High Elf Air Elementalist)         Turns: 2841, Time: 00:19:00

HP  -2/27        AC  4     Str  8      XL: 4   Next:  6%
MP   0/11        EV 13     Int 19      God: Zin [*.....]
Gold 75          SH  0     Dex 16      Spells:  2 memorised,  4 levels left

Res.Fire  : . . .   See Invis. : .   k - +2,+0 short sword
Res.Cold  : . . .   Warding    : .   a - +0 elf robe
Life Prot.: . . .   Conserve   : .   (no shield)
Res.Poison: .       Res.Corr.  : .   v - +0 helmet
Res.Elec. : .       Clarity    : .   (no cloak)
Sust.Abil.: . .     Spirit.Shd : .   (no gloves)
Res.Mut.  : .       Stasis     : .   p - +0 pair of boots
Res.Rott. : .       Ctrl.Telep.: .   (no amulet)
Saprovore : . . .   Flight     : .   (no ring)
                                     n - +3,+4 ring of slaying {unknown}

@: short of breath, slightly resistant to hostile enchantments, stealthy
A: talons 1, Int +1
a: Recite, Renounce Religion


You were on level 3 of the Dungeon.
You worshipped Zin.
Zin was pleased with you.
You were hungry.

You visited 1 branch of the dungeon, and saw 3 of its levels.

You collected 108 gold pieces.
You donated 53 gold pieces.

Inventory:

Hand weapons
 f - a +0,+1 dagger of speed (quivered)
 k - a +2,+0 short sword (weapon)
Armour
 a - a +0 elven robe (worn)
 g - a +1 robe
 p - a +0 pair of boots (worn)
 v - a +0 helmet (worn)
Comestibles
 i - an apple
 l - 3 bread rations
 t - a pear
 u - a chunk of jackal flesh
Scrolls
 c - a scroll of remove curse {unknown}
 d - a scroll of amnesia {unknown}
 e - a scroll of curse weapon {unknown}
 h - a scroll of enchant armour {unknown}
 m - a scroll of identify {unknown}
 r - a scroll of recharging {unknown}
 s - 2 scrolls of fear {unknown}
Jewellery
 n - a +3,+4 ring of slaying (left hand) {unknown}
 o - an uncursed amulet of rage {unknown}
Potions
 q - a potion of mutation
Books
 b - a book of Air

   Spells                             Type                      Level
   *Shock                             Conjuration/Air              1
   Swiftness                          Charms/Air                   2
   *Repel Missiles                    Charms/Air                   2
   Flight                             Charms/Air                   3
   Static Discharge                   Conjuration/Air              3
   Lightning Bolt                     Conjuration/Air              5


   Skills:
 + Level 2.6 Dodging
 + Level 3.1 Stealth
 + Level 2.2 Spellcasting
 - Level 1.1 Conjurations
 + Level 0.2 Charms
 * Level 4.6 Air Magic


You had 4 spell levels left.
You knew the following spells:

 Your Spells              Type           Power        Failure   Level  Hunger
a - Shock                 Conj/Air       ###..        8%          1    #......
b - Repel Missiles        Chrm/Air       ###.......   10%         2    ##.....


Dungeon Overview and Level Annotations

Branches:
Dungeon (3/27)

Altars:
Zin

Annotations
D:3 Grinder


Innate Abilities, Weirdness & Mutations

You have sharp toenails.
Your mind is acute (Int +1).


Message History

The zap misses Grinder.
Casting: Shock
Confirm with . or Enter, or press ? or * to list all spells.
You don't have enough magic to cast that spell.
Use which ability? (? or * to list)
Okay, then.
Use which ability? (? or * to list) Recite a passage from which book of the Axioms of Law? [a] - Abominations (harms the forces of chaos and mutation) [b] - Apostates (harms the faithless and heretics) [c] - Anathema (harms all types of demons and undead) Grinder closely misses you.
You clear your throat and prepare to recite Abominations 5:9. "To the devout, Zin provideth.
From the rest..."
Grinder hits you.
* * * LOW HITPOINT WARNING * * *
You writhe in agony.
* * * LOW HITPOINT WARNING * * *
Your recitation is interrupted.
You feel short of breath. Grinder hits you.
You die...

..# ####### #.#
###.....### ##.##
###(........# ...#
#.........#.# #..#
#.#.#.....#.### #..#
#.#.#.@.......# #..#
#.#....5#.#.#.####
###..####.#..##...........
#.......<....##.#.#.#.####
#.#..####.#.###.#.....#
#.#..# #.#.5....^..###
#.#..# #.#####.#####
#.#..# #.# #.# #..... ..#
#.#


You could see Grinder.

Vanquished Creatures
  3 adders (D:2)
  A worm (D:2)
  A giant gecko (D:1)
  5 bats (D:1)
  3 goblins
  5 hobgoblins
  3 jackals (D:2)
  2 oozes
  A quokka (D:2)
  A giant newt (D:1)
  5 kobolds
  8 rats
38 creatures vanquished.

Vanquished Creatures (others)
  A ball python (D:1)
  A rat (D:1)
2 creatures vanquished.

Grand Total: 40 creatures vanquished

Notes
Turn   | Place    | Note
--------------------------------------------------------------
     0 | D:1      | Kigal, the High Elf Air Elementalist, began the quest for the Orb.
     0 | D:1      | Reached XP level 1. HP: 11/11 MP: 4/4
   545 | D:1      | Reached skill level 4 in Air Magic
   686 | D:1      | Reached XP level 2. HP: 17/17 MP: 3/5
  1684 | D:2      | Learned a level 2 spell: Repel Missiles
  1702 | D:2      | Reached XP level 3. HP: 6/21 MP: 0/8
  1992 | D:2      | Found a glowing silver altar of Zin.
  2002 | D:2      | Became a worshipper of Zin the Law-Giver
  2143 | D:2      | Acquired Zin's first power
  2147 | D:2      | Gained mutation: Your mind is acute (Int +1). [potion of mutation]
  2147 | D:2      | Gained mutation: You have sharp toenails. [potion of mutation]
  2196 | D:2      | Donated 41 gold pieces to Zin
  2701 | D:2      | Reached XP level 4. HP: 27/27 MP: 8/11
  2800 | D:3      | Noticed Grinder
  2841 | D:3      | Slain by Grinder

Action                   |  1- 3 |  4- 6 || total
-------------------------+-------+-------++-------
Melee: Unarmed           |    27 |       ||    27
       Short sword       |    15 |     2 ||    17
 Cast: Shock             |    64 |    19 ||    83
Invok: Recite            |       |     1 ||     1
  Use: Potion            |     4 |     1 ||     5
       Scroll            |     1 |       ||     1
